 Dungeon Crawl Stone Soup version 0.30-a0-250-g41c1d76940 (webtiles) character file.

Game seed: 6944692555486303414

196 themarg the Trooper (level 5, -1/51 HPs)
             Began as a Minotaur Monk on Oct 13, 2022.
             Succumbed to a gnoll sergeant's poison
             ... on level 2 of the Dungeon.
             The game lasted 00:06:09 (1659 turns).

themarg the Trooper (Minotaur Monk)                 Turns: 1659, Time: 00:06:10

Health: -1/51      AC:  9    Str: 17    XL:     5   Next: 46%
Magic:  4/4        EV:  7    Int:  7    God:
Gold:   119        SH:  0    Dex: 13    Spells: 4/4 levels left

rFire   . . .      SeeInvis .    a - +0 hand axe
rCold   . . .      Faith    .    (no shield)
rNeg    . . .      Spirit   .    j - +0 chain mail
rPois   .          Reflect  .    (helmet restricted)
rElec   .          Harm     .    (no cloak)
rCorr   .          Rampage  .    k - +0 pair of gloves
Will    .....                    (no boots)
Stlth   ..........               (no amulet)
HPRegen 0.28/turn                (no ring)
MPRegen 0.09/turn                (no ring)

@: lethally poisoned (-1 -> -21)
A: horns 2, retaliatory headbutt
a: no special abilities


You were on level 2 of the Dungeon.
You visited 1 branch of the dungeon, and saw 4 of its levels.

You collected 141 gold pieces.
You spent 22 gold pieces at shops.

Inventory:

Hand Weapons
 a - a +0 hand axe (weapon)
Missiles
 e - 9 stones (quivered)
 q - a throwing net
Armour
 j - a +0 chain mail (worn)
 k - a +0 pair of gloves (worn)
 m - a +0 pair of boots
Jewellery
 p - a ring of magical power
Scrolls
 b - a scroll of fear {unknown}
 c - a scroll of enchant armour {unknown}
 f - 2 scrolls of teleportation {unknown}
 g - 2 scrolls of immolation {unknown}
 h - a scroll of blinking {unknown}
 n - 2 scrolls of magic mapping {unknown}
 o - 2 scrolls of noise {unknown}
Potions
 d - a potion of might
 i - a potion of brilliance {unknown}
 l - a potion of heal wounds


   Skills:
 + Level 6.5 Fighting
 - Level 3.7 Axes
 - Level 3.4 Dodging
 - Level 3.0 Stealth


You had 4 spell levels left.
You didn't know any spells.
Your spell library was empty.

Dungeon Overview and Level Annotations

Branches:
Dungeon (4/15)
 Temple: D:4-7

Altars:

Shops:
D:1 ?


Innate Abilities, Weirdness & Mutations

You have a pair of horns on your head.
You reflexively headbutt those who attack you in melee.


Message History

You feel very sick. The gnoll misses you.
The gnoll sergeant hits you with a +1 spear of venom.
You are more poisoned.
You slash the gnoll sergeant!
The gnoll sergeant is moderately wounded.
You hit the gnoll.
You feel very sick. The gnoll hits you with a +0 whip.
The gnoll sergeant hits you with a +1 spear of venom!
The gnoll shouts!
You hit the gnoll sergeant. You headbutt the gnoll sergeant.
Your punch misses the gnoll sergeant.
The gnoll sergeant is heavily wounded.
You hit the gnoll.
* * * LOW HITPOINT WARNING * * *
You feel very sick. The gnoll hits you with a +0 whip.
* * * LOW HITPOINT WARNING * * *
The gnoll sergeant hits you with a +1 spear of venom.
* * * LOW HITPOINT WARNING * * *
You are more poisoned.
Sorry, you're not good enough to have a special ability.
It was a potion of heal wounds.
You feel much better.
You feel very sick. The gnoll hits you but does no damage.
The gnoll sergeant hits you with a +1 spear of venom.
You are lethally poisoned!
You feel extremely sick.
The gnoll sergeant hits you from afar with a +1 spear of venom.
You are more poisoned.
* * * LOW HITPOINT WARNING * * *
You feel extremely sick.
There is an escape hatch in the ceiling here.
* * * LOW HITPOINT WARNING * * *
You feel very sick. The gnoll hits you with a +0 whip.
* * * LOW HITPOINT WARNING * * *
A mysterious force pulls you upwards. The hatch slams shut behind you.
You die...

############# #...........#
##.#########.# ###########...###
#.# ............#...# #.# #####
###########...#.######.######...#
##.##g@.............)..
#..........#.####....#
##.####.##>...# #.#.##
###########...###.##.#.## #.#.##
......#.....#.....##.#.#####.#.##
#####.#.###...######.#.......#.##
#.#.# ##.#######.#.#######.##
#.#.# #...........# #.## #.#.#
########..#########.#.


You could see a gnoll.

Vanquished Creatures
  Jessica (D:2)
  3 orc wizards (D:4)
  3 gnolls (D:2)
  An adder (D:2)
  3 dart slugs
  An orc (D:4)
  3 ball pythons
  3 endoplasms (D:1)
  A giant cockroach (D:2)
  3 goblins
  10 hobgoblins
  3 jackals (D:2)
  4 quokkas
  A bat (D:1)
  3 frilled lizards (D:1)
  A kobold (D:3)
  8 rats
52 creatures vanquished.

Vanquished Creatures (others)
  An orc wizard (D:4)
  A fungus (D:1)
2 creatures vanquished.

Grand Total: 54 creatures vanquished

Notes
Turn   | Place    | Note
-------+----------+-------------------------------------------
     0 | D:1      | themarg the Minotaur Monk began the quest for the Orb.
     0 | D:1      | Reached XP level 1. HP: 19/19 MP: 0/0
    94 | D:1      | Reached XP level 2. HP: 26/27 MP: 1/1
   172 | D:1      | Reached skill level 4 in Fighting
   310 | D:1      | Found Simyck's Magic Scroll Shop.
   320 | D:1      | Bought a scroll of identify for 22 gold pieces
   491 | D:2      | Noticed Jessica
   591 | D:2      | Reached XP level 3. HP: 33/33 MP: 2/2
   623 | D:2      | You fall into a shaft and drop 2 floors!
   658 | D:4      | Reached XP level 4. HP: 31/41 MP: 3/3
   677 | D:4      | Reached skill level 5 in Fighting
   794 | D:4      | Noticed a lemure
   875 | D:3      | Noticed a gnoll sergeant
   950 | D:2      | Reached XP level 5. HP: 11/50 MP: 4/4
  1045 | D:2      | Killed Jessica
  1046 | D:2      | Reached skill level 6 in Fighting
  1659 | D:2      | Succumbed to a gnoll sergeant's poison

Illustrated notes

Levels and vault maps discovered:
D:1:      tarquinn_simple_flora_water_f, layout_basic, serial_shops,
          nicolae_shop_statue_plus
D:2:      layout_loops_ring, uniq_jessica
D:3:      layout_loops_ring, st_stairs_13
D:4:      layout_basic, st_stairs_4, uniq_pikel

Skill      XL: |  1  2  3  4  5 |
---------------+----------------+-----
Stealth        | 2 3 |  3.0
Fighting       | 4 5 6 |  6.5
Axes           | |  3.7
Dodging        | |  3.4

Action                   |  1- 3 |  4- 6 || total
-------------------------+-------+-------++-------
Melee: Hand axe          |    54 |    68 ||   122
       Headbutt          |     8 |     9 ||    17
  Use: Scroll            |     1 |       ||     1
       Potion            |     1 |     1 ||     2
 Stab: Distracted        |     1 |       ||     1
Armor: Robe              |     6 |       ||     6
       Chain mail        |     8 |    43 ||    51
Dodge: Dodged            |    26 |    29 ||    55

Table legend: (Time is in decaauts)
 A = Elapsed time spent in this place.
 B = Non-inter-level travel time spent in this place.
 C = Inter-level travel time spent in this place.
 D = Time resting spent in this place.
 E = Time spent auto-exploring this place.
 F = Levels seen in this place.
 G = Mean time per level.
                   A        B        C        D        E       F      G
               +--------+--------+--------+--------+--------+-----+--------+
         Total |   1672 |   1609 |     63 |    230 |    941 |   4 |  418.0 |
       Dungeon |   1672 |   1609 |     63 |    230 |    941 |   4 |  418.0 |
               +--------+--------+--------+--------+--------+-----+--------+

Top non-repeatable levels by time:
     D:2: 821 daAuts
     D:1: 526 daAuts
     D:4: 209 daAuts
     D:3: 115 daAuts
